 Dungeon Crawl Stone Soup version 0.22-a0-803-gd6d8abe (webtiles) character file.

60 iamserjio the Magician (level 3, -4/19 HPs)
             Began as a Deep Elf Ice Elementalist on July 22, 2018.
             Slain by a gnoll
             ... wielding a +0 whip
              (8 damage)
             ... on level 3 of the Dungeon.
             The game lasted 00:03:46 (519 turns).

iamserjio the Magician (Deep Elf Ice Elementalist)   Turns: 519, Time: 00:03:47

Health: -4/19      AC:  3    Str:  5    XL:     3   Next: 82%
Magic:  0/10       EV: 14    Int: 20    God:
Gold:   65         SH:  0    Dex: 15    Spells: 6/9 levels left

rFire    . . .     SeeInvis .   i - -2 whip (curse)
rCold    . . .     Gourm    .   (no shield)
rNeg     . . .     Faith    .   a - +0 robe
rPois    .         Spirit   .   k - +0 helmet
rElec    .         Reflect  .   (no cloak)
rCorr    .         Harm     .   (no gloves)
MR       .....                  (no boots)
Stlth    ++........             h - amulet of regeneration
HPRegen  0.46/turn              (no ring)
MPRegen  0.12/turn              (no ring)

@: no status effects
A: no striking features
a: no special abilities


You were on level 3 of the Dungeon.
You were not hungry.

You visited 1 branch of the dungeon, and saw 3 of its levels.

You collected 65 gold pieces.

Inventory:

Hand Weapons
 i - a cursed -2 whip (weapon)
 l - a +0 club
 m - a +0 dagger
 p - a +0 spear
 q - a +0 quarterstaff
Missiles
 b - 19 sling bullets
 g - 16 poisoned needles
Armour
 a - a +0 robe (worn)
 e - a +0 leather armour
 j - a +0 leather armour
 k - a +0 helmet (worn)
Jewellery
 h - an amulet of regeneration (around neck)
Scrolls
 d - a scroll of immolation {unknown}
 f - a scroll of enchant armour {unknown}
 n - a scroll of identify {unknown}
 r - a scroll of teleportation {unknown}
 s - a scroll of enchant weapon {unknown}
Potions
 o - a potion of curing {unknown}
Comestibles
 c - 2 rations


   Skills:
 + Level 3.4 Dodging
 - Level 2.4 Stealth
 + Level 3.9 Spellcasting
 * Level 1.8 Conjurations
 + Level 3.9 Ice Magic


You had 6 spell levels left.
You knew the following spells:

 Your Spells              Type           Power        Failure   Level  Hunger
a - Freeze                Ice            ###.         2%          1    None
b - Throw Frost           Conj/Ice       ###...       6%          2    ##.....

Your spell library contained the following spells:

 Spells                   Type           Power        Failure   Level  Hunger
 Summon Ice Beast         Ice/Summ       ##......     50%         4    ####...
 Ozocubu's Armour         Chrm/Ice       ##......     17%         3    ###....
 Throw Icicle             Conj/Ice       ###.....     36%         4    ####...


Dungeon Overview and Level Annotations

Branches:
Dungeon (3/15)

Altars:


Message History

The bat completely misses you. The gnoll hits you with a whip.
Casting: Freeze (safe; 2% risk of failure)
Confirm with . or Enter, or press ? or * to list all spells.
Aiming: Freeze (safe; 2% risk of failure)
Press: ? - help, Shift-Dir - straight line, f/p - gnoll
Aim: a gnoll, wielding a whip (moderately wounded)
You freeze the gnoll.
The gnoll is severely wounded.
The bat hits you but does no damage. The bat closely misses you.
The gnoll hits you with a whip!
* * * LOW HITPOINT WARNING * * *
Casting: Freeze (safe; 2% risk of failure)
Confirm with . or Enter, or press ? or * to list all spells.
Aiming: Freeze (safe; 2% risk of failure)
Press: ? - help, Shift-Dir - straight line, f/p - gnoll
Aim: a gnoll, wielding a whip (severely wounded)
You freeze the gnoll.
The gnoll is almost dead.
The bat closely misses you. The gnoll hits you with a whip!
You die...

##########
#...<....#
#........#
#........#
#........#
#....b...#
#.@g.....#
#...$....#
#######....
#... ..


You could see a gnoll and a bat.

Vanquished Creatures
  3 gnolls (D:3)
  2 adders (D:2)
  A dart slug (D:2)
  A giant cockroach (D:1)
  A hobgoblin (D:2)
  2 kobolds (D:2)
  2 frilled lizards (D:2)
  2 goblins
  2 rats (D:2)
16 creatures vanquished.

Notes
Turn   | Place    | Note
-------+----------+-------------------------------------------
     0 | D:1      | iamserjio the Deep Elf Ice Elementalist began the quest for the Orb.
     0 | D:1      | Reached XP level 1. HP: 10/10 MP: 6/6
   106 | D:2      | Reached XP level 2. HP: 12/15 MP: 4/8
   332 | D:2      | Reached XP level 3. HP: 14/19 MP: 5/10
   344 | D:2      | Learned a level 2 spell: Throw Frost
   519 | D:3      | Slain by a gnoll

Vault maps used:
D:1:      ncdulo_watergridlock
D:2:      kb_forest_paths
D:3:      serial_glass, glass_columns_a, glass_columns_b, nrook_loot_triangle

Skill      XL: |  1  2 |
---------------+-------+-----
Dodging        | 3 |  3.4
Stealth        | |  2.4
Spellcasting   | |  3.9
Conjurations   | |  1.8
Ice Magic      | |  3.9

Action                   || total
-------------------------++-------
Melee: Whip              ||    15
 Cast: Freeze            ||    35
Armor: Robe              ||     6
Dodge: Dodged            ||    28

Table legend:
 A = Spawn XP
 B = Non-spawn XP
 C = Spawn XP percentage of total XP
 D = Spawn monster count
 E = Non-spawn monster count
 F = Spawn count percentage of total count
 G = Total turns spent on level
                    A         B        C        D         E        F      G
               +---------+---------+-------+---------+---------+-------+---------
         Total |       0 |      87 |   0.0 |       0 |      16 |   0.0 |   519
               +---------+---------+-------+---------+---------+-------+---------
           D:1 |       0 |       4 |   0.0 |       0 |       2 |   0.0 |   209
           D:2 |       0 |      41 |   0.0 |       0 |      11 |   0.0 |   288
           D:3 |       0 |      42 |   0.0 |       0 |       3 |   0.0 |    22
               +---------+---------+-------+---------+---------+-------+---------
